 Dungeon Crawl Stone Soup version 0.32-a0-918-g0f22ef8d61 (webtiles) character file.

Game seed: 12321849299806167487

10656 Autsider the Summoner (level 11, -6/92 HPs)
             Began as a Mountain Dwarf Summoner on Apr 10, 2024.
             Mangled by a two-headed ogre
             ... wielding a +0 giant spiked club
              (10 damage)
             ... on level 9 of the Dungeon.
             The game lasted 00:30:34 (9779 turns).

Autsider the Summoner (Mountain Dwarf Summoner)     Turns: 9779, Time: 00:30:35

Health: -6/92      AC:  7    Str: 11    XL:     11   Next: 39%
Magic:  14/21      EV: 12    Int: 20    God:
Gold:   591        SH:  0    Dex: 16    Spells: 15/24 levels left

rFire   + . .        A - +9 glaive of Qub De Qet {pain, rF+ rCorr}
rCold   . . .        (shield currently unavailable)
rNeg    . . .        x - +2 leather armour {rPois}
rPois   +            (no helmet)
rElec   .            (no cloak)
rCorr   +            q - +0 pair of gloves
SInv    .            (no boots)
Will    +....        E - amulet of regeneration
Stlth   ++           r - +6 ring of dexterity
HPRegen 1.15/turn    (no ring)
MPRegen 0.17/turn

%: no passive effects
@: no status effects
A: runic magic, artefact enchanting
a: no special abilities


You were on level 9 of the Dungeon.
You visited 2 branches of the dungeon, and saw 10 of its levels.

You collected 591 gold pieces.

Inventory:

Hand Weapons
 u - a +0 trident
 A - the +9 glaive of Qub De Qet (weapon) {pain, rF+ rCorr}
   (You took it off an orc wizard on level 5 of the Dungeon)

   rF+:       It protects you from fire.
   rCorr:     It protects you from acid and corrosion.
Missiles
 I - a throwing net
Armour
 q - a +0 pair of gloves (worn)
 x - a +2 leather armour of poison resistance (worn)
 J - a +0 kite shield
 O - +0 steam dragon scales
Magical Staves
 N - a staff of death
Jewellery
 r - a +6 ring of dexterity (left hand)
 E - an amulet of regeneration (around neck)
Talismans
 g - a beast talisman
Wands
 t - a wand of flame (24)
 F - a wand of mindburst (18)
 L - a wand of roots (5)
 M - a wand of paralysis (14)
Scrolls
 c - 2 scrolls of noise {unknown}
 e - 3 scrolls of teleportation {@r2}
 f - 2 scrolls of enchant weapon
 h - a scroll of identify {@r1}
 j - 4 scrolls of amnesia
 o - 2 scrolls of immolation {unknown}
 p - a scroll of blinking
 y - a scroll of revelation
 B - 2 scrolls of fog
 D - a scroll of brand weapon
 K - a scroll of enchant armour
Potions
 a - 2 potions of enlightenment
 b - 2 potions of magic
 d - 3 potions of haste
 i - 2 potions of attraction {unknown}
 k - a potion of might {unknown}
 l - 2 potions of degeneration {unknown}
 m - a potion of ambrosia {unknown}
 n - 2 potions of heal wounds {unknown}
 s - 2 potions of invisibility {unknown}
 v - a potion of berserk rage {unknown}
 w - 4 potions of curing {@q1}
 z - a potion of cancellation {unknown}
 C - a potion of mutation {unknown}
 G - a potion of lignification {unknown}
 H - 2 potions of brilliance


   Skills:
 + Level 7.4 Fighting
 - Level 6.0 Armour
 - Level 4.0 Dodging
 - Level 4.0 Stealth
 + Level 7.2 Spellcasting
 + Level 10.0 Summonings
 - Level 5.0 Fire Magic
 + Level 4.3 Air Magic


You had 15 spell levels left.
You knew the following spells:

 Your Spells              Type           Power      Damage    Failure   Level
b - Summon Blazeheart Go  Fire/Summ      37%        N/A       4%          4
c - Summon Lightning Spi  Summ/Air       36%        N/A       4%          4
x - Summon Small Mammal   Summ           100%       N/A       1%          1

Your spell library contained the following spells:

 Spells                   Type           Power      Damage    Failure   Level
 Call Imp                 Summ           94%        N/A       1%          2
 Call Canine Familiar     Summ           47%        N/A       1%          3
 Summon Ice Beast         Ice/Summ       27%        N/A       3%          3
 Freeze                   Ice            28%        1d5       10%         1
 Necrotise                Necr           28%        1d5       10%         1
 Martyr's Knell           Necr/Summ      27%        N/A       12%         4
 Frozen Ramparts          Ice            14%        1d3       28%         3
 Hailstorm                Conj/Ice       7%         3d5       28%         3
 Vampiric Draining        Necr           7%         2d6       28%         3
 Summon Mana Viper        Hex/Summ       27%        N/A       34%         5
 Monstrous Menagerie      Summ           23%        N/A       80%         7
 Curse of Agony           Necr           7%         N/A       95%         5


Dungeon Overview and Level Annotations

Branches:
Dungeon (9/15)             Temple (1/1) D:7            Lair (0/5) D:8
    Orc (0/2) D:9

Altars:
Ashenzari
Cheibriados
Dithmenos
Elyvilon
Fedhas
Gozag
Makhleb
Okawaru
Qazlal
Ru
Sif Muna
Trog
Uskayaw
Vehumet
Wu Jian
Yredelemnul
Zin
The Shining One

Annotations:
D:7 exclusion: downstairs


Innate Abilities, Weirdness & Mutations

Your spellcasting is much less encumbered by armour.
You can use scrolls of enchantment on lesser artefacts.


Message History

Things that are here:
a +0 war axe; a +0 plate armour; an orc skeleton The cyclops throws a large rock.
The large rock hits your blazeheart golem.
Items here: ( ) ÷÷.
The cyclops throws a large rock.
The large rock hits your blazeheart golem!!
An orc wizard comes into view.
It is wielding a +0 dagger and carrying a wand of paralysis.
Your blazeheart golem punches the cyclops!
The cyclops hits your blazeheart golem!!
Your blazeheart golem falls apart, revealing its core!
The orc wizard zaps a wand.
You resist with almost no effort.
Unknown command.
Your blazeheart core explodes!
The fiery explosion engulfs the cyclops!!
The cyclops is engulfed in blazing flames.
You kill the cyclops!
A cyclops comes into view.
You hear a hideous shriek!
Your Summonings skill increases to level 10!
Casting: Summon Blazeheart Golem (dangerous; 4% risk of failure)
Confirm with . or Enter, or press ? or * to list all spells.
A fiery spirit appears, bound in slag iron.
You hear an angry hiss.
A two-headed ogre comes into view.
It is wielding a +0 giant spiked club and a +0 giant club.
The cyclops throws a large rock.
The large rock hits your blazeheart golem!!
Your blazeheart golem is engulfed in blazing flames.
The two-headed ogre attacks as it pursues you!
The two-headed ogre hits you with a +0 giant spiked club!
* * * LOW HITPOINT WARNING * * *
The two-headed ogre hits you with a +0 giant club!!
* * * LOW HITPOINT WARNING * * *
A laughing skull comes into view.
Your blazeheart golem punches the cyclops!
The two-headed ogre attacks as it pursues you!
The two-headed ogre hits you with a +0 giant spiked club!!
* * * LOW HITPOINT WARNING * * *
The two-headed ogre hits you with a +0 giant club!
You die...

#.....##..#..##..####...##$....
#.#..##.##.##.##.......##B#####
#.#.##..##.##..#########.#....B
#.#.#.##..#..##.#....[#.#.)###.
#...#.##..#..##.###†###.#.#...#
#...##..##[##..#z.c...'.#.#.#.#
###.#.##..#..##C###.###.#$#.. #
#..#.##..#)o##9#[....#.#..###
#..##..##.##°@#########.#W
#...##.##.##O## #.##
#....##.)#).## #.
####..#..###)### ##
......#..#.#.#.#
......#..#.#.#.#
#######..#.#)#.#
####..#..#.#.#.#
......#..##.#.##


You could see a two-headed ogre, a cyclops (distracted, ally target), a laughing
skull, an orc wizard and a friendly blazeheart golem (summoned).

Vanquished Creatures
  A boulder beetle (D:9)
  An arcanist (D:9)
  The ghost of zyxw121 the Sneak, a novice HuBr of Dithmenos (D:5)
  A cyclops (D:9)
  A kobold demonologist (D:9)
  A rime drake (D:8)
  A troll (D:9)
  A hornet (D:8)
  The ghost of NotYourErnst the Covered, an amateur GrWn (D:5)
  A shadow (D:8)
  5 yaks (D:8)
  A wyvern (D:7)
  A steam dragon (D:8)
  5 water moccasins
  3 ice beasts
  2 black bears
  3 orc warriors
  2 sky beasts
  4 ogres
  A centaur (D:6)
  A phantom (D:5)
  5 wolves
  2 kobold brigands (D:9)
  4 bullfrogs
  2 gnoll sergeants (D:7)
  A scorpion (D:5)
  6 killer bees (D:9)
  A howler monkey (D:9)
  2 bombardier beetles
  4 hounds
  2 gnoll boudas (D:7)
  An orc priest (D:9)
  2 iguanas (D:6)
  4 orc wizards
  9 gnolls (D:7)
  5 adders
  A white imp (D:6)
  2 ufetubi (D:5)
  A ribbon worm (D:2)
  A dart slug (D:2)
  11 orcs
  8 bats
  3 endoplasms
  4 goblins
  6 hobgoblins
  4 jackals
  3 kobolds
  2 quokkas
  5 ball pythons
  2 frilled lizards
  A rat (D:2)
142 creatures vanquished.

Vanquished Creatures (collateral kills)
  A shadow (D:9)
  Sigmund (D:2)
  A wyvern (D:9)
  A yak (D:8)
  3 steam dragons (D:9)
  2 ogres (D:5)
  A wolf (D:8)
  3 ice beasts (D:8)
  2 phantoms
  A centaur (D:7)
  A kobold brigand (D:9)
  A bullfrog (D:8)
  A gnoll sergeant (D:7)
  A killer bee (D:9)
  A howler monkey (D:9)
  A bombardier beetle (D:4)
  2 hounds
  A gnoll bouda (D:7)
  2 orc priests
  3 iguanas
  A jelly (D:8)
  A sleepcap (D:5)
  Natasha (thrice) (D:2)
  5 orc wizards
  9 gnolls (D:7)
  3 adders (D:2)
  A white imp (D:5)
  2 dart slugs
  15 orcs
  4 ball pythons
  2 endoplasms (D:3)
  2 giant cockroaches
  2 goblins
  6 hobgoblins
  3 jackals
  4 kobolds
  A quokka (D:5)
  A frilled lizard (D:2)
  A rat (D:1)
96 creatures vanquished.

Vanquished Creatures (others)
  36 blazeheart cores
  6 foxfires (D:5)
42 creatures vanquished.

Grand Total: 280 creatures vanquished

Notes
Turn   | Place    | Note
-------+----------+-------------------------------------------
     0 | D:1      | Autsider the Mountain Dwarf Summoner began the quest for
                  | the Orb.
     0 | D:1      | Reached XP level 1. HP: 14/14 MP: 3/3
   302 | D:1      | Reached XP level 2. HP: 21/22 MP: 2/4
   633 | D:1      | Reached skill level 1 in Fighting
  1162 | D:2      | Reached XP level 3. HP: 28/28 MP: 3/6
  1166 | D:2      | Learned a level 3 spell: Call Canine Familiar
  1316 | D:2      | Found a faded altar of an unknown god.
  1463 | D:2      | Reached XP level 4. HP: 34/36 MP: 7/7
  1507 | D:2      | Noticed Sigmund
  1635 | D:2      | Killed Sigmund
  1636 | D:2      | Reached skill level 5 in Summonings
  1636 | D:2      | Reached XP level 5. HP: 32/44 MP: 3/9
  1749 | D:2      | Noticed Natasha
  1759 | D:2      | Killed Natasha
  1872 | D:2      | Noticed Natasha
  1879 | D:2      | Killed Natasha
  1880 | D:2      | Reached XP level 6. HP: 48/51 MP: 4/10
  1954 | D:2      | Noticed Natasha
  1961 | D:2      | Killed Natasha
  1962 | D:2      | Reached skill level 6 in Summonings
  2141 | D:3      | Learned a level 4 spell: Summon Blazeheart Golem
  2735 | D:3      | Reached skill level 1 in Fire Magic
  3338 | D:4      | Reached XP level 7. HP: 57/57 MP: 12/12
  3645 | D:4      | Found a glowing silver altar of Zin.
  3645 | D:4      | Found an opulent altar of Gozag.
  4243 | D:5      | Entered Level 5 of the Dungeon
  4366 | D:4      | Reached skill level 5 in Fire Magic
  4438 | D:5      | Reached skill level 7 in Summonings
  4438 | D:5      | Reached XP level 8. HP: 51/63 MP: 10/14
  4726 | D:5      | Reached skill level 5 in Spellcasting
  4794 | D:5      | Learned a level 4 spell: Summon Lightning Spire
  4843 | D:5      | Reached skill level 1 in Armour
  5004 | D:5      | Identified the +8 glaive of Qub De Qet {pain, rF+ rCorr}
  5015 | D:5      | Reached skill level 8 in Summonings
  5069 | D:5      | Found a runed translucent gate.
  5070 | D:5      | Found a runed translucent gate.
  5073 | D:5      | Found a runed translucent gate.
  5074 | D:5      | Noticed zyxw121's ghost (novice HuBr)
  5074 | D:5      | Noticed NotYourErnst's ghost (amateur GrWn)
  5329 | D:5      | Killed zyxw121's ghost
  5330 | D:5      | Reached skill level 1 in Air Magic
  5330 | D:5      | Reached XP level 9. HP: 68/71 MP: 5/17
  5330 | D:5      | Killed NotYourErnst's ghost
  5688 | D:6      | Found a snail-covered altar of Cheibriados.
  6441 | D:7      | Reached skill level 5 in Fighting
  6512 | D:7      | Found a staircase to the Ecumenical Temple.
  6523 | Temple   | Entered the Ecumenical Temple
  6662 | D:7      | Found a bloodstained altar of Trog.
  6748 | D:7      | Reached XP level 10. HP: 60/81 MP: 12/19
  7359 | D:8      | Found a stormy altar of Qazlal.
  7580 | D:8      | Reached skill level 9 in Summonings
  7614 | D:8      | Reached skill level 5 in Armour
  7740 | D:8      | Found a staircase to the Lair.
  8647 | D:9      | Found a sacrificial altar of Ru.
  8661 | D:9      | Reached XP level 11. HP: 80/91 MP: 17/21
  8728 | D:9      | Found a shadowy altar of Dithmenos.
  8728 | D:9      | Found a hide-covered altar of Uskayaw.
  8729 | D:9      | Found an ornate altar of the Wu Jian Council.
  8729 | D:9      | Found a radiant altar of Vehumet.
  8793 | D:9      | Noticed an arcanist
  8806 | D:9      | Killed an arcanist
  8962 | D:9      | Noticed a boulder beetle
  8997 | D:9      | Noticed a centaur warrior
  8999 | D:9      | Killed a boulder beetle
  9024 | D:9      | HP: 4/92 [centaur warrior/arrow (12)]
  9365 | D:9      | Found a staircase to the Orcish Mines.
  9776 | D:9      | Reached skill level 10 in Summonings
  9776 | D:9      | Noticed a two-headed ogre
  9779 | D:9      | HP: 4/92 [two-headed ogre/+0 giant spiked club (29)]
  9779 | D:9      | Mangled by a two-headed ogre

Illustrated notes

Levels and vault maps discovered:
D:1:      wander_arrival_peaceful_grave, layout_basic,
          amcnicky_mini_rare_corridor_liquid
D:2:      layout_rooms, basic_ecumenical_altar, kennysheep_potato, uniq_sigmund,
          uniq_natasha
D:3:      layout_basic
D:4:      layout_basic, grunt_temple_overflow_gold_and_silver,
          hangedman_feature_mirror
D:5:      layout_cave_pools, gammafunk_ghost_cemetery, minivault_24,
          minivault_14, minmay_checkerbox
D:6:      layout_basic, mainiacjoe_overflow_brackets
D:7:      layout_cave_pools, lemuel_crystal_altar, minmay_temple_entry_hall,
          serial_gnoll_camp, gnoll_camp_huts_basic, gnoll_camp_medium_02,
          gnoll_camp_mini_hut, gnoll_camp_mini_basic,
          hangedman_decor_peaks_small
D:8:      layout_basic, nicolae_qazlal_style_of_elements,
          hellmonk_lair_entry_icy, nicolae_elevator_lobby_plus
D:9:      minmay_the_grid_octo_tiled_octocenter [minmay_the_grid_octo_shrine,
          minmay_the_grid_octo_checkerflower, minmay_the_grid_octo_concentric,
          minmay_the_grid_octo_pinwheel, minmay_the_grid_octo_prize_big_c,
          minmay_the_grid_square_5x5_three_small,
          minmay_the_grid_square_5x5_tie, minmay_the_grid_square_5x5_meh,
          minmay_the_grid_square_5x5_v], layout_stronghold, old_standard_altar,
          chequers_arboretum, corexii_leaking_fountain
Temple:   minmay_temple_curvy_loop

Skill      XL: |  1  2  3  4  5  6  7  8  9 10 11 |
---------------+----------------------------------+-----
Spellcasting   | 2 3 4 5 6 7 |  7.2
Fighting       | 1 2 3 4 5 6 7 |  7.4
Summonings     | 5 6 7 8 9 10 | 10.0
Fire Magic     | 2 5 |  5.0
Armour         | 2 4 5 6 |  6.0
Dodging        | 2 3 4 |  4.0
Stealth        | 2 3 4 |  4.0
Air Magic      | 1 2 3 4 |  4.3

Action                     |  1- 3 |  4- 6 |  7- 9 | 10-12 || total
---------------------------+-------+-------+-------+-------++-------
  Melee: Short sword       |    42 |       |       |       ||    42
         Unarmed           |     3 |       |       |       ||     3
         Spear             |    39 |    64 |       |       ||   103
         Trident           |       |    23 |    73 |       ||    96
         Glaive            |       |       |    89 |   120 ||   209
   Cast: Summon Small Mamm |    20 |    17 |       |     3 ||    40
         Call Canine Famil |     2 |    15 |    14 |     7 ||    38
         Summon Blazeheart |       |       |    19 |    36 ||    55
         Summon Lightning  |       |       |     1 |     4 ||     5
    Use: Scroll            |       |     1 |       |    14 ||    15
         Potion            |       |       |       |     3 ||     3
   Stab: Sleeping          |     2 |     4 |     8 |       ||    14
         Distracted        |       |     1 |     2 |     4 ||     7
 Armour: Robe              |    43 |    13 |       |       ||    56
         Leather armour    |       |    40 |   146 |   161 ||   347
  Dodge: Dodged            |    59 |    59 |   123 |    89 ||   330

Table legend: (Time is in decaauts)
 A = Elapsed time spent in this place.
 B = Non-inter-level travel time spent in this place.
 C = Inter-level travel time spent in this place.
 D = Time resting spent in this place.
 E = Time spent auto-exploring this place.
 F = Levels seen in this place.
 G = Mean time per level.
                   A        B        C        D        E       F      G
               +--------+--------+--------+--------+--------+-----+--------+
         Total |   9997 |   9480 |    517 |   1072 |   6193 |  10 |  999.7 |
       Dungeon |   9973 |   9479 |    494 |   1072 |   6193 |   9 | 1108.1 |
        Temple |     23 |      0 |     23 |      0 |      0 |   1 |   23.0 |
               +--------+--------+--------+--------+--------+-----+--------+

Top non-repeatable levels by time:
     D:4: 1517 daAuts
     D:9: 1482 daAuts
     D:1: 1162 daAuts
     D:7: 1095 daAuts
     D:5: 1058 daAuts
     D:8: 1052 daAuts
     D:3: 944 daAuts
     D:2: 838 daAuts
     D:6: 822 daAuts
  Temple: 23 daAuts
